 Dungeon Crawl Stone Soup version 0.29.1 (webtiles) character file.

Game seed: 3901573261272239193

25738 smilodon the Thaumaturge (level 12, -17/92 HPs)
             Began as a Demonspawn Fighter on Sept 12, 2022.
             Was a High Priest of Sif Muna.
             Hit by a silver javelin thrown by a minotaur (20 damage)
             ... in a Gauntlet.
             The game lasted 00:45:54 (10798 turns).

smilodon the Thaumaturge (Demonspawn Fighter)      Turns: 10798, Time: 00:45:54

Health: -17/92     AC: 12    Str: 25    XL:     12   Next: 92%
Magic:  24/33      EV: 14    Int: 16    God:    Sif Muna [*****.]
Gold:   620        SH:  6    Dex: 11    Spells: 25/28 levels left

rFire   + + .      SeeInvis +   a - +3 long sword (flame)
rCold   + . .      Faith    .   c - +1 buckler
rNeg    + . .      Spirit   .   t - +0 steam dragon scales
rPois   .          Reflect  .   (helmet unavailable)
rElec   .          Harm     .   I - scarf {rC+ rF+}
rCorr   .          Rampage  .   (no gloves)
Will    .....      NoTele   +   (no boots)
Stlth   +.........              h - amulet of regeneration
HPRegen 1.05/turn               C - +4 ring of protection
MPRegen 0.23/turn               e - ring of Qyops {rF+ rN+ MP+9 Str+4 SInv}

@: unable to read
A: claws 1, hooves 1, horns 3, spiny 2, demonic magic 2, iridescent scales 1,
clever 1, strong 1, inability to read after injury 1
a: Renounce Religion, Channel Magic, Forget Spell, Divine Exegesis


You were in a Gauntlet.
You worshipped Sif Muna.
Sif Muna was extremely pleased with you.
You visited 2 branches of the dungeon, and saw 13 of its levels.
You also visited: Gauntlet.

You collected 620 gold pieces.

Inventory:

Hand Weapons
 a - a +3 long sword of flaming (weapon)
 i - the +8 flail of Zetrebev {vorpal, +Blink rPois Int+4}
   (You took it off an orc warrior on level 6 of the Dungeon)

   It inflicts extra damage upon your enemies.
   Int:       It affects your intelligence (+4).
   rPois:     It protects you from poison.
   +Blink:    It lets you blink.
Missiles
 A - 2 silver boomerangs (quivered)
 J - 10 poisoned darts
 K - 5 curare-tipped darts
 P - 2 throwing nets
Armour
 b - a +0 scale mail
 c - a +1 buckler (worn)
 d - a +2 cloak of preservation
 r - a +0 chain mail
 s - a +2 robe of willpower
 t - +0 steam dragon scales (worn)
 I - a scarf of resistance (worn)
Jewellery
 e - the ring of Qyops (right claw) {rF+ rN+ MP+9 Str+4 SInv}
   (You acquired it in a Gauntlet)

   [ring of magical power]

   Str:       It affects your strength (+4).
   rF:        It protects you from fire.
   rN:        It protects you from negative energy.
   MP:        It affects your magic capacity (+9).
   SInv:      It lets you see invisible.
 g - a ring of fire
 h - an amulet of regeneration (around neck)
 j - a ring of positive energy
 k - a +6 ring of strength
 m - the amulet "Zakifit" {Spirit rF- Int+4 Dex+7}
   (You found it in a Gauntlet)

   [amulet of guardian spirit]

   It causes incoming damage to be divided between your reserves of health and
   magic.
   Int:       It affects your intelligence (+4).
   Dex:       It affects your dexterity (+7).
   rF:        It makes you vulnerable to fire.
 v - a ring of flight
 x - a ring of fire
 C - a +4 ring of protection (left claw)
Wands
 E - a wand of roots (14)
 M - a wand of polymorph (5)
Scrolls
 f - 4 scrolls of butterflies
 l - 4 scrolls of fear
 o - 2 scrolls of immolation
 q - 5 scrolls of identify
 y - 2 scrolls of poison
 B - a scroll of enchant armour
Potions
 p - 3 potions of flight
 u - 3 potions of curing
 z - 3 potions of cancellation
 D - 2 potions of brilliance
 G - 3 potions of magic
 H - a potion of lignification
 N - a potion of attraction


   Skills:
 - Level 7.7 Fighting
 - Level 6.7 Long Blades
 - Level 7.1 Armour
 - Level 8.2 Dodging
 - Level 7.0 Shields
 * Level 8.7 Unarmed Combat
 * Level 8.9 Spellcasting
 - Level 7.0 Invocations


You had 25 spell levels left.
You knew the following spells:

 Your Spells              Type           Power      Damage    Failure   Level
a - Summon Small Mammal   Summ           28%        N/A       13%         1
b - Wereblood             Tmut           7%         N/A       21%         2

Your spell library contained the following spells:

 Spells                   Type           Power      Damage    Failure   Level
 Ensorcelled Hibernation  Hex/Ice        14%        N/A       21%         2
 Poisonous Vapours        Pois/Air       14%        N/A       21%         2
 Static Discharge         Conj/Air       7%         3-4/arc   21%         2
 Sublimation of Blood     Necr           7%         N/A       21%         2
 Call Canine Familiar     Summ           7%         N/A       36%         3
 Frozen Ramparts          Ice            14%        1d3       36%         3
 Gell's Gravitas          Tloc           7%         N/A       36%         3
 Ignite Poison            Fire/Tmut/Pois 7%         N/A       36%         3
 Lesser Beckoning         Tloc           7%         N/A       36%         3
 Ozocubu's Armour         Ice            7%         N/A       36%         3
 Summon Guardian Golem    Hex/Summ       7%         N/A       36%         3
 Teleport Other           Tloc           7%         N/A       36%         3
 Corpse Rot               Necr/Pois/Air  7%         N/A       78%         4
 Dispel Undead            Necr           7%         3d8       78%         4
 Flame Wave               Conj/Fire      7%         2d5       78%         4
 Sticky Flame             Conj/Fire      7%         2d3       78%         4
 Lightning Bolt           Conj/Air       3%         1d15      98%         5
 Summon Hydra             Summ           3%         N/A       100%        7
 Maxwell's Capacitive Co  Air            3%         ∞         100%        8
 Fire Storm               Conj/Fire      3%         8d1       100%        9


Dungeon Overview and Level Annotations

Branches:
Dungeon (12/15)            Temple (1/1) D:5            Lair (0/5) D:8
    Orc (0/2) D:9         Gauntlet (1/1)

Altars:
Ashenzari
Cheibriados
Dithmenos
Fedhas
Gozag
Hepliaklqana
Kikubaaqudgha
Makhleb
Nemelex Xobeh
Okawaru
Qazlal
Ru
Sif Muna
Trog
Uskayaw
Vehumet
Wu Jian
Xom
Yredelemnul

Shops:
D:1 ?

Annotations:
Gauntlet 8 transporters, 1 runed translucent door, exclusion: orange crystal statue


Innate Abilities, Weirdness & Mutations

You have sharp fingernails.
You have large cloven feet.
You have a pair of large horns on your head.
You are mostly covered in sharp spines.
Spells you cast may paralyse nearby enemies.
You are partially covered in iridescent scales. (AC +2)
Your mind is acute. (Int +4, Str/Dex -1)
Your muscles are strong. (Str +4, Int/Dex -1)
You occasionally lose the ability to read scrolls when taking damage.


Message History

The minotaur is struck by your spines. The minotaur completely misses you. x2
The minotaur hits you with the +8 arc blade {discharge, rElec}!!!
The minotaur gores you.
* * * LOW HITPOINT WARNING * * *
Blink to where?
Press: ? - help, Dir - move target
As you read the scroll of blinking, it crumbles to dust.
Aiming: Fastroot
Press: ? - help, Shift-Dir - straight line, f - you
Okay, then.
You feel better.
The minotaur throws a silver javelin.
The silver javelin pierces through you. The silver sears you!
* * * LOW HITPOINT WARNING * * *
Press: ? - help, . - travel You can't see that place.
Your target is gone.
You remove your ring of fire.
You feel stronger.
k - a +6 ring of strength (right claw) You're wearing all the rings you can.
Remove which one? (? for menu, Esc to cancel) < or
x - a ring of fire; > or
k - a +6 ring of strength You remove your ring of fire.
C - a +4 ring of protection (left claw)
Something appears at your feet!
e - the ring of Qyops {rF+ rN+ MP+9 Str+4 SInv} You're wearing all the rings you can.
Remove which one? (? for menu, Esc to cancel) < or
C - a +4 ring of protection; > or
k - a +6 ring of strength You remove your +6 ring of strength.
You feel weaker.
You feel your magic capacity increase.
You feel stronger.
e - the ring of Qyops (right claw) {rF+ rN+ MP+9 Str+4 SInv} The minotaur throws a silver javelin.
The silver javelin pierces through you!!
You feel threatened and lose the ability to read scrolls!
* * * LOW HITPOINT WARNING * * *
The silver sears you!
You die...

.......H.......# ##.##.##.##.##.#
##.##.##.##.##.# ...............#
#.##.##.##.##.##
###.##.##.##H##.###
#.................#
#.♣.♣.©.©.©.©.♣.♣.#
#.............@...#
##################### ### ### #
##≈###...........###≈###≈###≈###≈
#≈≈≈#..♣P.....P♣..#≈≈≈#≈≈≈#≈≈≈#≈≈
.......P...∩...P................≈
P♣P..♣..........P♣..P♣P..♣..P♣..#
................................≈
#.#########.#########.#########.≈
#.#8$)©.[.#.#p##Y##Y#.#3.!©[$.#.≈


You could see a minotaur.

Vanquished Creatures
  Josephine (D:10)
  Fannar (D:10)
  3 hydras
  The ghost of bigduke15 the Fighter, a novice MiFi of Yredelemnul (D:10)
  2 two-headed ogres
  A hell hog (Gauntlet)
  Sonja (D:10)
  A gargoyle (D:11)
  Maggie (D:7)
  An ice statue (Gauntlet)
  2 rime drakes (Gauntlet)
  An unseen horror (D:11)
  A komodo dragon (D:11)
  5 trolls
  Grinder (D:5)
  2 hornets
  A raiju (Gauntlet)
  Sigmund (D:4)
  4 wyverns
  A vampire (D:11)
  7 wraiths
  2 shadows (D:10)
  A basilisk (D:8)
  3 fire bats (Gauntlet)
  18 yaks
  4 steam dragons
  10 vampire mosquitoes
  Menkaure (D:5)
  Grum (D:11)
  An acid dragon (D:8)
  A hell hound (Gauntlet)
  5 water moccasins
  A black bear (D:6)
  2 ice beasts (D:6)
  A sky beast (D:3)
  8 orc warriors
  3 wolves (D:11)
  6 ogres
  4 centaurs
  A phantom (D:4)
  Blork the orc (D:5)
  3 kobold brigands
  7 bullfrogs
  2 necrophages
  A gnoll sergeant (D:6)
  3 scorpions
  11 wights
  11 killer bees
  3 electric eels (D:8)
  3 howler monkeys
  A vampire bat (D:7)
  2 hounds
  A quasit (D:12)
  4 orc priests
  5 jellies
  Crazy Yiuf (D:5)
  6 gnoll boudas
  3 iguanas
  Terence (D:2)
  7 orc wizards
  17 gnolls
  17 adders
  A river rat (D:6)
  2 white imps (D:6)
  3 ufetubi
  4 worms
  A dart slug (D:4)
  31 orcs
  2 endoplasms
  5 giant cockroaches
  6 hobgoblins
  14 kobolds
  3 quokkas (D:6)
  6 ball pythons
  14 bats
  3 frilled lizards
  10 goblins
  6 rats
333 creatures vanquished.

Vanquished Creatures (collateral kills)
  Rupert (D:12)
  A soul eater (D:12)
  An orange demon (D:12)
3 creatures vanquished.

Vanquished Creatures (others)
  A bush (D:8)
  7 demonic plants (D:12)
  8 fungi
  69 plants
85 creatures vanquished.

Grand Total: 421 creatures vanquished

Notes
Turn   | Place    | Note
-------+----------+-------------------------------------------
     0 | D:1      | smilodon the Demonspawn Fighter began the quest for the
                  | Orb.
     0 | D:1      | Reached XP level 1. HP: 18/18 MP: 1/1
   304 | D:1      | Discovered your monstrous ancestry.
   304 | D:1      | Gained mutation: You have a pair of small horns on your
                  | head. [demonic ancestry]
   304 | D:1      | Reached XP level 2. HP: 23/24 MP: 2/2
   337 | D:1      | Found Okhehyre's Magic Scroll Boutique.
   784 | D:1      | Gained mutation: You are partially covered in iridescent
                  | scales. (AC +2) [potion of mutation]
   784 | D:1      | Gained mutation: Your muscles are strong. (Str +4, Int/Dex
                  | -1) [potion of mutation]
   784 | D:1      | Gained mutation: You occasionally lose the ability to read
                  | scrolls when taking damage. [potion of mutation]
   784 | D:1      | Gained mutation: Your mind is acute. (Int +4, Str/Dex -1)
                  | [potion of mutation]
   874 | D:2      | Gained mutation: You are partially covered in sharp spines.
                  | [demonic ancestry]
   874 | D:2      | Reached XP level 3. HP: 28/29 MP: 3/3
  1130 | D:2      | Noticed Terence
  1142 | D:2      | Killed Terence
  1143 | D:2      | Gained mutation: Spells you cast may paralyse adjacent
                  | enemies. [demonic ancestry]
  1143 | D:2      | Reached XP level 4. HP: 13/36 MP: 4/4
  1775 | D:3      | Gained mutation: You have a pair of horns on your head.
                  | [demonic ancestry]
  1775 | D:3      | Reached XP level 5. HP: 23/42 MP: 5/5
  2042 | D:3      | Found a shimmering altar of Xom.
  2292 | D:3      | You fall into a shaft and drop 1 floor!
  2553 | D:3      | Gained mutation: You have a pair of large horns on your
                  | head. [demonic ancestry]
  2553 | D:3      | Reached XP level 6. HP: 48/48 MP: 6/6
  2798 | D:3      | Noticed a sky beast
  2807 | D:3      | Killed a sky beast
  2906 | D:4      | Reached skill level 1 in Dodging
  3253 | D:4      | Gained mutation: Spells you cast may paralyse nearby
                  | enemies. [demonic ancestry]
  3253 | D:4      | Reached XP level 7. HP: 54/55 MP: 7/7
  3260 | D:4      | Noticed Sigmund
  3271 | D:4      | Killed Sigmund
  3459 | D:5      | Entered Level 5 of the Dungeon
  3461 | D:5      | Noticed Menkaure
  3469 | D:5      | Killed Menkaure
  3474 | D:5      | Reached skill level 5 in Fighting
  3634 | D:5      | Noticed Grinder
  3644 | D:5      | Killed Grinder
  3645 | D:5      | Gained mutation: You are mostly covered in sharp spines.
                  | [demonic ancestry]
  3645 | D:5      | Reached XP level 8. HP: 55/62 MP: 8/8
  3773 | D:5      | Reached skill level 5 in Armour
  3798 | D:5      | Reached skill level 5 in Shields
  3990 | D:5      | Noticed Blork the orc
  3993 | D:5      | Found a staircase to the Ecumenical Temple.
  3995 | D:5      | Killed Blork the orc
  4007 | Temple   | Entered the Ecumenical Temple
  4007 | Temple   | Found a transporter.
  4007 | Temple   | Found a transporter.
  4014 | Temple   | Found a transporter.
  4014 | Temple   | Found a transporter.
  4081 | Temple   | Became a worshipper of Sif Muna the Loreminder
  4396 | D:5      | Found a runed translucent door.
  4397 | D:5      | Noticed Crazy Yiuf
  4405 | D:5      | Killed Crazy Yiuf
  4650 | D:6      | Gained mutation: You have large cloven feet. [demonic
                  | ancestry]
  4650 | D:6      | Reached XP level 9. HP: 64/69 MP: 9/9
  4673 | D:6      | Reached skill level 5 in Dodging
  4683 | D:6      | Reached skill level 5 in Long Blades
  4713 | D:6      | Noticed a troll
  4716 | D:6      | Identified the +8 flail of Zetrebev {vorpal, +Blink rPois
                  | Int+4}
  4720 | D:6      | Killed a troll
  4724 | D:6      | Reached * piety under Sif Muna
  4730 | D:6      | Noticed a troll
  4732 | D:6      | Killed a troll
  4935 | D:6      | Found a radiant altar of Vehumet.
  5749 | D:7      | Upgraded the game from 0.29.0-15-g675c0067aa to 0.29.1
  5933 | D:7      | Reached XP level 10. HP: 63/77 MP: 10/10
  6036 | D:7      | Noticed Maggie
  6045 | D:7      | Killed Maggie
  6045 | D:7      | Reached ** piety under Sif Muna
  6718 | D:8      | Found a staircase to the Lair.
  6728 | D:8      | Reached *** piety under Sif Muna
  7398 | D:9      | Noticed a two-headed ogre
  7408 | D:9      | Killed a two-headed ogre
  7409 | D:9      | Reached skill level 1 in Spellcasting
  7409 | D:9      | Gained mutation: You have sharp fingernails. [demonic
                  | ancestry]
  7409 | D:9      | Reached XP level 11. HP: 68/85 MP: 10/13
  7433 | D:9      | Found a staircase to the Orcish Mines.
  7536 | D:9      | Noticed a six-headed hydra
  7541 | D:9      | Killed a three-headed hydra
  7542 | D:9      | Reached skill level 1 in Unarmed Combat
  7598 | D:9      | Noticed a six-headed hydra
  7608 | D:9      | Killed a one-headed hydra
  7708 | D:9      | Learned a level 1 spell: Summon Small Mammal
  8046 | D:10     | Entered Level 10 of the Dungeon
  8052 | D:10     | Noticed Josephine
  8186 | D:10     | Found a snail-covered altar of Cheibriados.
  8223 | D:10     | Noticed Sonja
  8233 | D:10     | Killed Sonja
  8234 | D:10     | Reached skill level 5 in Invocations
  8423 | D:10     | Learned a level 2 spell: Wereblood
  8475 | D:10     | Reached **** piety under Sif Muna
  8495 | D:10     | Killed Josephine
  8702 | D:10     | Noticed Fannar
  8714 | D:10     | Killed Fannar
  8715 | D:10     | Reached skill level 5 in Spellcasting
  8770 | D:10     | Found a large runed translucent door.
  8770 | D:10     | Found a large runed translucent door.
  8772 | D:10     | Noticed bigduke15's ghost (novice MiFi)
  8804 | D:10     | Killed bigduke15's ghost
  8805 | D:10     | Reached skill level 5 in Unarmed Combat
  8967 | D:10     | Reached XP level 12. HP: 85/92 MP: 20/20
  9214 | D:11     | Noticed a two-headed ogre
  9228 | D:11     | Killed a two-headed ogre
  9312 | D:11     | Identified the +0 mace "Waofaby" {drain, rElec rC+}
  9401 | D:11     | Noticed a six-headed hydra
  9408 | D:11     | Killed a one-headed hydra
  9621 | D:11     | Noticed Grum
  9650 | D:11     | Killed Grum
  9717 | D:11     | Reached ***** piety under Sif Muna
  9732 | D:11     | Received a gift from Sif Muna
  9748 | D:11     | Got Sif Muna's Opusculum on Hot Firn {god gift}
 10180 | D:12     | Noticed Rupert
 10186 | D:12     | Noticed a boulder beetle
 10187 | D:12     | Killed Rupert
 10210 | D:12     | Found a gate leading to a gauntlet.
 10219 | Gauntlet | Entered a Gauntlet
 10219 | Gauntlet | Found a transporter.
 10236 | Gauntlet | Found a transporter.
 10236 | Gauntlet | Found a transporter.
 10240 | Gauntlet | Found a runed translucent door.
 10240 | Gauntlet | Found a runed translucent door.
 10244 | Gauntlet | Found a transporter.
 10247 | Gauntlet | Found a transporter.
 10249 | Gauntlet | Noticed a hell hog
 10255 | Gauntlet | Identified a scroll of acquirement
 10260 | Gauntlet | Found a transporter.
 10271 | Gauntlet | Found a transporter.
 10275 | Gauntlet | Found a transporter.
 10288 | Gauntlet | Noticed a death yak
 10289 | Gauntlet | Found a transporter.
 10290 | Gauntlet | Noticed a death yak
 10290 | Gauntlet | Noticed a death yak
 10297 | Gauntlet | Found a transporter.
 10303 | Gauntlet | Found a transporter.
 10324 | Gauntlet | Found a transporter.
 10328 | Gauntlet | Found a transporter.
 10359 | Gauntlet | Found a transporter.
 10721 | Gauntlet | Identified the amulet "Zakifit" {Spirit rF- Int+4 Dex+7}
 10731 | Gauntlet | Killed a hell hog
 10782 | Gauntlet | Noticed a minotaur
 10794 | Gauntlet | Acquired the ring of Qyops {rF+ rN+ MP+9 Str+4 SInv}
 10798 | Gauntlet | HP: 3/92 [minotaur/silver javelin (31)]
 10798 | Gauntlet | Hit by a silver javelin thrown by a minotaur

Illustrated notes

Levels and vault maps discovered:
D:1:      tarquinn_simple_flora_water_e, layout_rooms, serial_shops, shop
D:2:      layout_rooms, uniq_terence
D:3:      layout_loops_ring, overflow_temple_1_default, grunt_ministairs_6
D:4:      minmay_wonky_spiral, layout_loops_ring, nrook_uturn, uniq_sigmund
D:5:      layout_basic, minmay_temple_entry_statues_pillars, uniq_menkaure,
          uniq_blork_the_orc, uniq_grinder, uniq_crazy_yiuf_cottage
D:6:      hangedman_cross_stitches, layout_loops_ring, kennysheep_mini_moat,
          gup_sewer_entry_spiral
D:7:      layout_loops_ring, roderic_batcave, uniq_maggie
D:8:      layout_rooms, minmay_lair_entry_grove, serial_bayou,
          serial_bayou_pond_a, serial_bayou_pond_d, serial_bayou_lagoon_a,
          serial_bayou_ford_a
D:9:      layout_roguey, david_orc_2, eino_small_chamber_without_monster
D:10:     layout_basic, mainiacjoe_overflow_paths, ebering_ghost_disaster_area,
          uniq_sonja, uniq_fannar, uniq_josephine
D:11:     kennysheep_seaside_town, layout_rooms, uniq_grum
D:12:     layout_basic, serial_demonic, serial_demonic_c, serial_demonic_g,
          serial_demonic_d, serial_demonic_g, serial_demonic_g,
          serial_demonic_e, serial_demonic_a, gauntlet_entry_generic,
          uniq_nergalle, uniq_rupert
Temple:   hellmonk_temple_divided_pantheon
Gauntlet: minmay_gauntlet_77_tree [minmay_gauntlet_arena_77_chump_sandwich,
          minmay_gauntlet_arena_77_mirror, minmay_gauntlet_arena_77_shame_cube,
          minmay_gauntlet_arena_77_box, minmay_gauntlet_arena_77_tiled_triplets,
          minmay_gauntlet_arena_77_double_cross,
          minmay_gauntlet_arena_77_p_blocks, gauntlet_exit_green]

Skill      XL: |  1  2  3  4  5  6  7  8  9 10 11 12 |
---------------+-------------------------------------+-----
Long Blades    | 2 3 4 5 6 |  6.7
Armour         | 3 4 5 6 7 |  7.1
Shields        | 3 4 5 6 7 |  7.0
Fighting       | 4 5 6 7 |  7.7
Dodging        | 1 3 4 6 8 |  8.2
Spellcasting   | 1 5 8 |  8.9
Invocations    | 2 7 |  7.0
Unarmed Combat | 5 8 |  8.7

Action                   |  1- 3 |  4- 6 |  7- 9 | 10-12 || total
-------------------------+-------+-------+-------+-------++-------
Melee: Long sword        |    91 |    88 |   189 |   479 ||   847
       Headbutt          |     5 |    11 |    34 |   109 ||   159
       Kick              |       |       |    25 |   181 ||   206
Throw: Throwing net      |       |     1 |       |     1 ||     2
       Boomerang         |       |       |       |     4 ||     4
 Cast: Wereblood         |       |       |       |     2 ||     2
Evoke: Wand              |       |       |       |    27 ||    27
  Use: Scroll            |     5 |     7 |     7 |    14 ||    33
       Potion            |     4 |     1 |     8 |    11 ||    24
 Stab: Invisible         |       |       |       |     2 ||     2
Armor: Scale mail        |    61 |    28 |       |       ||    89
       Chain mail        |       |     8 |    79 |    31 ||   118
       Steam dragon scal |       |       |       |   162 ||   162
Dodge: Dodged            |    42 |    31 |    92 |   297 ||   462
Block: Buckler           |    16 |    15 |    59 |   170 ||   260
